 Dungeon Crawl Stone Soup version 0.27.0-66-gdc8fb28755 (webtiles) character file.

Game seed: 7623699999649976739

158 Spectrina the Covert (level 5, -1/31 HPs)
             Began as a Vampire Delver on Aug 20, 2021.
             Was a Follower of Uskayaw.
             Slain by a hobgoblin (3 damage)
             ... on level 7 of the Dungeon.
             The game lasted 00:04:48 (414 turns).

Spectrina the Covert (Vampire Delver)                Turns: 414, Time: 00:04:49

Health: -1/31      AC:  3    Str: 11    XL:     5   Next: 16%
Magic:  6/6        EV: 12    Int: 12    God:    Uskayaw [*.....]
Gold:   42         SH:  0    Dex: 17    Spells: 4/4 levels left

rFire    . . .     SeeInvis +   a - +0 short sword
rCold    + + .     Faith    .   (no shield)
rNeg     + + +     Spirit   .   b - +0 leather armour
rPois    ∞         Reflect  .   (no helmet)
rElec    .         Harm     .   (no cloak)
rCorr    .         Rampage  .   (no gloves)
Will     .....                  (no boots)
Stlth    ++++++....             (no amulet)
HPRegen  0.00/turn              (no ring)
MPRegen  0.10/turn              (no ring)

@: bloodless, inhibited regen
A: bloodless, fangs 3, see invisible, vampiric 2
a: Bat Form, Revivify, Renounce Religion, Stomp


You were on level 7 of the Dungeon.
You worshipped Uskayaw.
Uskayaw was noncommittal.
You visited 2 branches of the dungeon, and saw 4 of its levels.

You collected 42 gold pieces.

Inventory:

Hand Weapons
 a - a +0 short sword (weapon)
 h - a +0 dagger
Missiles
 d - 15 arrows
 e - 16 poisoned darts
 i - 13 stones (quivered)
Armour
 b - a +0 leather armour (worn)
Wands
 g - a wand of digging (3)
Scrolls
 c - a scroll of fog


   Skills:
 - Level 2.6 Fighting
 + Level 3.3 Short Blades
 - Level 2.1 Dodging
 + Level 9.4 Stealth
 + Level 1.8 Invocations


You had 4 spell levels left.
You didn't know any spells.
Your spell library contained the following spells:

 Spells                   Type           Power      Damage    Failure   Level
 Summon Small Mammal      Summ           0%         N/A       41%         1
 Call Canine Familiar     Summ           0%         N/A       78%         3
 Summon Guardian Golem    Hex/Summ       0%         N/A       78%         3


Dungeon Overview and Level Annotations

Branches:
Dungeon (7/15)             Temple (1/1) D:6

Altars:
Ashenzari
Elyvilon
Fedhas
Gozag
Hepliaklqana
Makhleb
Nemelex Xobeh
Okawaru
Qazlal
Ru
Sif Muna
Uskayaw
Vehumet
Zin

Portals:
Bailey: D:7


Innate Abilities, Weirdness & Mutations

You do not regenerate when monsters are visible.
You are frail without blood (-20% HP).
You can heal yourself when you bite living creatures.
You are immune to poison.
You have razor-sharp teeth.
You have supernaturally acute eyesight. (SInv)
You are afflicted with vampirism and can become a bat while bloodless.


Message History

You open the gate. 2 goblins, 2 hobgoblins and an orc come into view.
The orc shouts!
The goblin shouts! x2; The hobgoblin shouts!
The goblin hits you but does no damage. The goblin closely misses you.
The hobgoblin hits you but does no damage.
The orc barely misses you.
The hobgoblin shouts!
Found a flagged portal and an escape hatch in the floor.
Unknown command.
The hobgoblin completely misses you. The goblin hits you but does no damage.
The goblin barely misses you. The hobgoblin closely misses you.
You barely miss the goblin. Your bite misses the goblin.
The goblin splashes around in the water.
The hobgoblin barely misses you.
You hit the goblin.
You kill the goblin!
You hear a splash.
The hobgoblin hits you from afar with a +0 spear.
* * * LOW HITPOINT WARNING * * *
Unknown command.
You hit the hobgoblin.
The hobgoblin is severely wounded.
The goblin barely misses you.
You hit the hobgoblin.
You kill the hobgoblin!
The goblin barely misses you.
Unknown command.
Unknown command.
The goblin misses you.
You completely miss the goblin. The hobgoblin barely misses you.
You closely miss the goblin.
The hobgoblin splashes around in the water.
You hit the goblin.
You kill the goblin!
The hobgoblin hits you from afar with a +0 spear.
* * * LOW HITPOINT WARNING * * *
Unknown command.
The orc splashes around in the water.
You barely miss the hobgoblin. The hobgoblin hits you with a +0 spear.
You die...

,,,,,,*,,,,,,,,,,,,*
,,,,,,*,,,,,,,,,,,,*
,,,,,,+,,,,,,,,,,,,*
,,,,,,*+*############
,,,,,,,,,...........#
,,,,,,,,,...........#
,,,,,,,,,...........#
,,,,,,,,,...........###
,,,,,,,,,......)@)....#
,,,,,,,,,...≈≈≈≈g≈≈≈≈.#
*****+***#+.≈≈≈≈o≈≈≈≈.#
,,,,,,+,....≈##'''##≈.#
,,,,,,*,....≈#.....#≈.#
,,,,,,*,,...≈#>...∩#≈.#
#####+#####.≈#######≈.#
............≈≈≈≈≈≈≈≈≈.#
......................#


You could see an orc and a hobgoblin.

Vanquished Creatures
  A steam dragon (D:7)
  An orc priest (D:6)
  An orc (D:6)
  2 goblins (D:7)
  A hobgoblin (D:7)
6 creatures vanquished.

Notes
Turn   | Place    | Note
-------+----------+-------------------------------------------
     0 | D:5      | Spectrina the Vampire Delver began the quest for the Orb.
     0 | D:5      | Reached XP level 1. HP: 17/17 MP: 1/1
    24 | D:6      | Found a staircase to the Ecumenical Temple.
    24 | D:6      | Noticed an orc priest
    33 | D:6      | Killed an orc priest
    34 | D:6      | Reached skill level 8 in Stealth
    34 | D:6      | Reached XP level 2. HP: 18/18 MP: 2/2
    34 | D:6      | Gained mutation: You are afflicted with vampirism and can
                  | become a bat while bloodless. [Vampire growth]
    34 | D:6      | Reached XP level 3. HP: 22/22 MP: 3/3
    39 | Temple   | Entered the Ecumenical Temple
    73 | Temple   | Became a worshipper of Uskayaw the Reveller
   102 | D:6      | Reached * piety under Uskayaw
   113 | D:6      | Noticed a two-headed ogre
   156 | D:7      | Noticed an orc warrior
   234 | D:7      | Noticed a centaur
   243 | D:7      | Found a sacrificial altar of Ru.
   324 | D:7      | Noticed a steam dragon
   331 | D:7      | Reached ** piety under Uskayaw
   333 | D:7      | HP: 1/22 [steam dragon (3)]
   334 | D:7      | Killed a steam dragon
   335 | D:7      | Reached skill level 9 in Stealth
   335 | D:7      | Reached skill level 1 in Invocations
   335 | D:7      | Reached XP level 4. HP: 1/27 MP: 0/5
   335 | D:7      | Reached XP level 5. HP: 2/31 MP: 0/6
   396 | D:7      | Found a flagged portal.
   414 | D:7      | Slain by a hobgoblin

Illustrated notes

Levels and vault maps discovered:
D:5:      layout_cave_pools, old_standard_altar, kennysheep_windowed_goal,
          uniq_menkaure, uniq_eustachio
D:6:      layout_basic, nicolae_dithmenos_shadow_blocks, kennysheep_mini,
          gammafunk_temple_overflow_wave, minmay_temple_entry_proselytizer
D:7:      layout_gridville, pdpol_wu_jian_five_deadly_venoms,
          nicolae_ru_sacrificial_ziggurat, enter_bailey_4
Temple:   cyrus_circular_temple

Skill      XL: |  1  2  3 |
---------------+----------+-----
Stealth        | 8 9 |  9.4
Short Blades   | 3 |  3.3
Invocations    | 1 |  1.8
Fighting       | |  2.6
Dodging        | |  2.1

Action                   |  1- 3 |  4- 6 || total
-------------------------+-------+-------++-------
Melee: Short sword       |     8 |     8 ||    16
Invok: Stomp             |     1 |       ||     1
 Abil: Exsanguinate      |     1 |       ||     1
  Use: Scroll            |     2 |       ||     2
       Potion            |     1 |       ||     1
 Stab: Sleeping          |     2 |       ||     2
Armor: Leather armour    |     1 |     3 ||     4
Dodge: Dodged            |     3 |    10 ||    13
